 Dungeon Crawl Stone Soup version 0.27-a0-1139-g28e009f8a6 (webtiles) character file.

Game seed: 14594303871371827634

1095 robertstho the Ruffian (level 8, -1/117 HPs)
             Began as a Troll Berserker on May 7, 2021.
             Was an Elder of Trog.
             Slain by an orc warrior
             ... wielding a +0 war axe
              (21 damage)
             ... on level 6 of the Dungeon.
             The game lasted 00:05:40 (3511 turns).

robertstho the Ruffian (Troll Berserker)            Turns: 3511, Time: 00:05:41

Health: -1/117     AC:  4    Str: 26    XL:     8   Next: 10%
Magic:  7/7        EV:  6    Int:  5    God:    Trog [****..]
Gold:   124        SH: 13    Dex:  9    Spells: 7/7 levels left

rFire    x . .     SeeInvis .     - Unarmed
rCold    + . .     Faith    .   x - +0 tower shield
rNeg     . . .     Spirit   .   a - +0 animal skin
rPois    .         Reflect  .   (helmet restricted)
rElec    .         Harm     .   (no cloak)
rCorr    .         Rampage  .   (gloves unavailable)
Will     .....                  (boots unavailable)
Stlth    ..........             (no amulet)
HPRegen  1.29/turn              c - ring of ice
MPRegen  0.10/turn              (no ring)

@: berserking, very quick
A: large, unfitting armour, claws 3, regeneration 1, shaggy fur 1, tough skin 1
a: Renounce Religion, Berserk, Trog's Hand, Brothers in Arms


You were on level 6 of the Dungeon.
You worshipped Trog.
Trog was greatly pleased with you.
You visited 1 branch of the dungeon, and saw 6 of its levels.

You collected 289 gold pieces.
You spent 165 gold pieces at shops.

Inventory:

Missiles
 l - 2 throwing nets
Armour
 a - a +0 animal skin (worn)
 x - a +0 tower shield (worn)
Jewellery
 c - a ring of ice (left claw)
 d - a ring of ice
 o - a +6 ring of strength
 u - a ring of ice
Scrolls
 f - 2 scrolls of noise {unknown}
 g - a scroll of fog {unknown}
 m - 3 scrolls of blinking {unknown}
 n - 3 scrolls of magic mapping {unknown}
 q - 4 scrolls of enchant armour {unknown}
 s - a scroll of teleportation {unknown}
 t - a scroll of identify
 y - a scroll of immolation {unknown}
Potions
 b - 2 potions of lignification
 e - 2 potions of might
 h - a potion of heal wounds
 i - 3 potions of flight
 j - 4 potions of attraction
 k - 2 potions of mutation {unknown}
 p - a potion of brilliance {unknown}
 r - 3 potions of curing {unknown}
 v - a potion of ambrosia {unknown}
 w - a potion of resistance {unknown}


   Skills:
 * Level 4.0 Fighting
 * Level 2.5 Armour
 + Level 3.7 Dodging
 + Level 1.3 Shields
 * Level 7.5 Unarmed Combat


You had 7 spell levels left.
You didn't know any spells.
Your spell library was empty.

Dungeon Overview and Level Annotations

Branches:
Dungeon (6/15)             Temple (0/1) D:4

Altars:
Nemelex Xobeh
Okawaru
Xom

Shops:
D:2 !   D:4 [

Annotations:
D:5 Prince Ribbit


Innate Abilities, Weirdness & Mutations

You are too large for most types of armour.
You have claws for hands.
Your natural rate of healing is unusually fast.
You are covered in fur. (AC +1)
You have tough skin. (AC +1)


Message History

The orc hits you with a +0 short sword. You block the orc warrior's attack.
The orc priest calls down the wrath of Beogh upon you.
Pain shoots through your body! The orc barely misses you.
The orc hits you with a +0 short sword.
A red film seems to cover your vision as you go berserk!
You feel yourself moving faster!
You feel mighty!
The orc warrior hits you with a +0 war axe!
The orc priest calls down the wrath of Beogh upon you.
Beogh smites you! You block the orc's attack.
The orc hits you with a +0 short sword.
You scratch the orc warrior.
The orc warrior is lightly wounded.
The orc warrior hits you with a +0 war axe!!
* * * LOW HITPOINT WARNING * * *
The orc priest calls upon Beogh to heal the orc warrior.
The orc warrior's wounds heal themselves!
You block the orc's attack. x2
You barely miss the orc. You block the orc warrior's attack.
You block the orc priest's attack. The orc hits you with a +0 flail.
* * * LOW HITPOINT WARNING * * *
You claw the orc!
You kill the orc!
Trog accepts your kill.
The orc warrior hits you with a +0 war axe.
* * * LOW HITPOINT WARNING * * *
You scratch the orc.
The orc is almost dead.
The orc hits you with a +0 flail.
* * * LOW HITPOINT WARNING * * *
You block the orc priest's attack.
You barely miss the orc.
The orc is almost dead.
The orc warrior hits you with a +0 war axe!
* * * LOW HITPOINT WARNING * * *
The orc priest calls upon Beogh to heal the orc.
The orc is healed somewhat.
You block the orc's attack.
You completely miss the orc.
The orc is lightly wounded.
The orc warrior hits you with a +0 war axe!!
You die...

# #..# ..### #..#
###. #....##
#..#####...
#....##........#
##
#...........###...
###<.##...........
##.##....)......
#..#....o.......
#.##....@o......
#.#.....)o......
..#.............
#.......#........
...>...###.......
........ .......
.....# #......
.... #.....


You could see an orc warrior, an orc priest and an orc.

Vanquished Creatures
  An ice beast (D:5)
  A hornet zombie (D:5)
  2 ogres (D:5)
  A necrophage (D:5)
  A centaur (D:5)
  A bullfrog zombie (D:4)
  2 hounds (D:5)
  2 orc priests
  A gnoll shaman (D:5)
  3 iguanas
  Natasha (thrice) (D:2)
  An orc wizard (D:4)
  5 gnolls (D:5)
  7 adders
  2 white imps (D:5)
  2 worms
  A dart slug (D:1)
  10 orcs
  11 ball pythons
  5 endoplasms
  2 giant cockroaches (D:4)
  8 goblins
  9 hobgoblins
  4 jackals (D:4)
  7 quokkas
  7 bats
  2 frilled lizards
  8 kobolds
  6 rats
115 creatures vanquished.

Notes
Turn   | Place    | Note
-------+----------+-------------------------------------------
     0 | D:1      | robertstho the Troll Berserker began the quest for the Orb.
     0 | D:1      | Reached XP level 1. HP: 22/22 MP: 0/0
   158 | D:1      | Reached XP level 2. HP: 28/29 MP: 1/1
   419 | D:1      | Reached XP level 3. HP: 36/36 MP: 2/2
   429 | D:1      | Reached ** piety under Trog
   754 | D:2      | Reached skill level 4 in Unarmed Combat
   822 | D:2      | Noticed Natasha
   825 | D:2      | Found Hiodim's Distillery.
   842 | D:2      | Killed Natasha
   843 | D:2      | Reached XP level 4. HP: 30/44 MP: 3/3
   867 | D:2      | Bought a potion of might for 48 gold pieces
   867 | D:2      | Bought a potion of flight for 36 gold pieces
   867 | D:2      | Bought a potion of attraction for 36 gold pieces
   929 | D:2      | Noticed Natasha
   935 | D:2      | Killed Natasha
  1010 | D:2      | Reached skill level 1 in Armour
  1208 | D:2      | Noticed Natasha
  1218 | D:2      | Killed Natasha
  1219 | D:2      | Reached XP level 5. HP: 48/53 MP: 4/4
  1336 | D:2      | Reached *** piety under Trog
  1338 | D:2      | Found a faded altar of an unknown god.
  1465 | D:3      | Reached skill level 5 in Unarmed Combat
  2003 | D:4      | Found a staircase to the Ecumenical Temple.
  2149 | D:4      | Reached XP level 6. HP: 43/61 MP: 5/5
  2239 | D:4      | Found Dineg's Armour Boutique.
  2278 | D:4      | Bought a +0 tower shield for 45 gold pieces
  2531 | D:5      | Entered Level 5 of the Dungeon
  2571 | D:5      | Reached skill level 6 in Unarmed Combat
  2624 | D:5      | Reached XP level 7. HP: 52/67 MP: 6/6
  2922 | D:5      | Found a sparkling altar of Nemelex Xobeh.
  2924 | D:5      | Found an iron altar of Okawaru.
  2924 | D:5      | Found a shimmering altar of Xom.
  2938 | D:5      | Reached skill level 7 in Unarmed Combat
  2988 | D:5      | Reached skill level 1 in Shields
  3125 | D:5      | Reached XP level 8. HP: 78/78 MP: 7/7
  3340 | D:5      | Reached **** piety under Trog
  3354 | D:5      | Noticed Prince Ribbit
  3511 | D:6      | Slain by an orc warrior

Illustrated notes

Levels and vault maps discovered:
D:1:      evilmike_arrival_rings, layout_basic, minmay_misc_feat_more_columns
D:2:      layout_loops_ring, hellmonk_ecumenical_altar_prayer_group,
          serial_shops, shop, minmay_fractal_squares_5, uniq_natasha
D:3:      layout_basic
D:4:      minmay_evil_eye, layout_cave_pools, minmay_temple_entry_crystal_x,
          serial_shops, nicolae_shop_waterfront
D:5:      layout_basic, chequers_temple_overflow_statue_of_worship,
          kennysheep_small_square, uniq_prince_ribbit1
D:6:      layout_cave_pods

Skill      XL: |  1  2  3  4  5  6  7  8 |
---------------+-------------------------+-----
Unarmed Combat | 4 5 6 7 |  7.5
Armour         | 1 2 |  2.5
Fighting       | 3 4 |  4.0
Dodging        | 3 |  3.7
Shields        | 1 |  1.3

Action                   |  1- 3 |  4- 6 |  7- 9 || total
-------------------------+-------+-------+-------++-------
Melee: Unarmed           |   129 |   152 |    66 ||   347
       Punch             |     1 |     1 |       ||     2
Invok: Berserk           |       |     3 |     4 ||     7
       Trog's Hand       |       |     1 |       ||     1
  Use: Scroll            |       |     2 |       ||     2
Armor: Animal skin       |    55 |    53 |     5 ||   113
Dodge: Dodged            |    84 |    86 |     7 ||   177
Block: Tower shield      |       |    27 |    44 ||    71

Table legend: (Time is in decaauts)
 A = Elapsed time spent in this place.
 B = Non-inter-level travel time spent in this place.
 C = Inter-level travel time spent in this place.
 D = Time resting spent in this place.
 E = Time spent auto-exploring this place.
 F = Levels seen in this place.
 G = Mean time per level.
                   A        B        C        D        E       F      G
               +--------+--------+--------+--------+--------+-----+--------+
         Total |   3578 |   3429 |    149 |     93 |   2626 |   6 |  596.3 |
       Dungeon |   3578 |   3429 |    149 |     93 |   2626 |   6 |  596.3 |
               +--------+--------+--------+--------+--------+-----+--------+

Top non-repeatable levels by time:
     D:5: 1031 daAuts
     D:1: 705 daAuts
     D:2: 661 daAuts
     D:4: 647 daAuts
     D:3: 510 daAuts
     D:6: 22 daAuts
